 Dungeon Crawl Stone Soup version 0.26-a0-1120-ga1b6d6fda9 (webtiles) character file.

Game seed: 10907954030018272314

38 Murumi the Conjurer (level 3, -1/31 HPs)
             Began as an Ogre Conjurer on Dec 17, 2020.
             Slain by a kobold (3 damage)
             ... on level 2 of the Dungeon.
             The game lasted 00:03:54 (1547 turns).

Murumi the Conjurer (Ogre Conjurer)                 Turns: 1547, Time: 00:03:55

Health: -1/31      AC:  3    Str: 11 (12) XL:     3   Next: 43%
Magic:  4/7        EV:  9    Int: 16 (19) God:
Gold:   25         SH:  0    Dex:  6 (7)  Spells: 5/8 levels left

rFire    . . .     SeeInvis +   d - +0 club
rCold    . . .     Faith    .   (no shield)
rNeg     . . .     Spirit   .   a - +0 robe
rPois    .         Reflect  .   (helmet restricted)
rElec    .         Harm     .   (no cloak)
rCorr    .         Rampage  .   (gloves unavailable)
Will     .....                  (boots unavailable)
Stlth    +.........             (no amulet)
HPRegen  0.10/turn              b - ring of see invisible
MPRegen  0.10/turn              (no ring)

@: flying
A: large, unfitting armour, tough skin 1
a: no special abilities


You were on level 2 of the Dungeon.
You visited 1 branch of the dungeon, and saw 2 of its levels.

You collected 25 gold pieces.

Inventory:

Hand Weapons
 d - a +0 club (weapon)
Missiles
 c - 15 stones (quivered)
Armour
 a - a +0 robe (worn)
Jewellery
 b - a ring of see invisible (left hand)


   Skills:
 + Level 0.5 Throwing
 - Level 2.0 Dodging
 - Level 2.0 Stealth
 - Level 3.0 Spellcasting
 - Level 4.0 Conjurations


You had 5 spell levels left.
You knew the following spells:

 Your Spells              Type           Power        Failure   Level
a - Magic Dart            Conj           60%          3%          1
b - Searing Ray           Conj           30%          5%          2

Your spell library contained the following spells:

 Spells                   Type           Power        Failure   Level
 Dazzling Flash           Conj/Hex       16%          24%         3
 Fulminant Prism          Conj/Hex       4%           63%         4
 Iskenderun's Mystic Bla  Conj/Tloc      8%           63%         4


Dungeon Overview and Level Annotations

Branches:
Dungeon (2/15)

Altars:
Makhleb

Annotations:
D:2 Terence


Innate Abilities, Weirdness & Mutations

You are too large for most types of armour.
You have tough skin. (AC +1)


Message History

You aren't carrying any scrolls.
There is a stone staircase leading up here.
A frilled lizard and a kobold come into view.
The frilled lizard hisses angrily.
You see here a fizzy pink potion.
e - a fizzy pink potion The kobold shouts!
Terence hits you with a +0 short sword.
* * * LOW HITPOINT WARNING * * *
It was a potion of flight.
You feel very buoyant.
You fly up into the air.
The frilled lizard barely misses you. Terence hits you but does no damage.
The frilled lizard misses you. The frilled lizard closely misses you.
You closely miss the kobold. The kobold hits you but does no damage.
Terence hits you but does no damage. The frilled lizard bites you.
* * * LOW HITPOINT WARNING * * *
The kobold hits you.
You die...

### ..# #.# #.#
#.#
#######l########
#..<...@@K......
#.##########...#
#........... .
#._..#######
......# ######.#
#># #.# #.#


You could see Terence, a kobold and a frilled lizard.

Vanquished Creatures
  3 dart slugs (D:1)
  4 hobgoblins (D:1)
  2 jackals (D:1)
  3 kobolds (D:1)
  A ball python (D:1)
  4 bats (D:1)
  2 frilled lizards (D:1)
  6 goblins (D:1)
  6 rats (D:1)
31 creatures vanquished.

Notes
Turn   | Place    | Note
-------+----------+-------------------------------------------
     0 | D:1      | Murumi the Ogre Conjurer began the quest for the Orb.
     0 | D:1      | Reached XP level 1. HP: 16/16 MP: 3/3
   246 | D:1      | Reached skill level 4 in Conjurations
   246 | D:1      | Reached XP level 2. HP: 24/24 MP: 3/5
   436 | D:1      | Learned a level 2 spell: Searing Ray
   756 | D:1      | Reached XP level 3. HP: 17/31 MP: 4/7
  1519 | D:2      | Found a burning altar of Makhleb.
  1521 | D:2      | Noticed Terence
  1547 | D:2      | Slain by a kobold

Illustrated notes

Levels and vault maps discovered:
D:1:      elethiomel_arrival_infinity_welcomes_careful_drivers, layout_basic
D:2:      layout_loops_ring, bloody_makhleb, uniq_terence,
          uniq_crazy_yiuf_cottage

Skill      XL: |  1  2  3 |
---------------+----------+-----
Conjurations   | 4 |  4.0
Spellcasting   | 3 |  3.0
Dodging        | 2 |  2.0
Stealth        | 2 |  2.0
Throwing       | |  0.5

Action                   || total
-------------------------++-------
Melee: Unarmed           ||     7
       Club              ||    28
Throw: Stone             ||     2
 Cast: Magic Dart        ||    57
       Searing Ray       ||     1
  Use: Scroll            ||     3
       Potion            ||     2
 Stab: Sleeping          ||     1
Armor: Robe              ||    12
Dodge: Dodged            ||    22

Table legend: (Time is in decaauts)
 A = Elapsed time spent in this place.
 B = Non-inter-level travel time spent in this place.
 C = Inter-level travel time spent in this place.
 D = Time resting spent in this place.
 E = Time spent auto-exploring this place.
 F = Levels seen in this place.
 G = Mean time per level.
                   A        B        C        D        E       F      G
               +--------+--------+--------+--------+--------+-----+--------+
         Total |   1555 |   1484 |     71 |      0 |   1303 |   2 |  777.5 |
       Dungeon |   1555 |   1484 |     71 |      0 |   1303 |   2 |  777.5 |
               +--------+--------+--------+--------+--------+-----+--------+

Top non-repeatable levels by time:
     D:1: 1521 daAuts
     D:2: 33 daAuts
